 Dungeon Crawl Stone Soup version 0.23.0 (webtiles) character file.

Game seed: 6403202428321452471

109 Borgoz the Chopper (level 4, -1/28 HPs)
             Began as a Gargoyle Gladiator on Feb 9, 2019.
             Slain by Natasha (4 damage)
             ... on level 2 of the Dungeon.
             The game lasted 00:02:14 (1475 turns).

Borgoz the Chopper (Gargoyle Gladiator)             Turns: 1475, Time: 00:02:14

Health: -1/28      AC:  7    Str: 17    XL:     4   Next: 89%
Magic:  4/4        EV: 12    Int:  9    God:
Gold:   42         SH:  0    Dex: 12    Spells: 3/3 levels left

rFire    . . .     SeeInvis .   a - +0 war axe
rCold    . . .     Gourm    .   (no shield)
rNeg     + . .     Faith    .   b - +0 leather armour
rPois    ∞         Spirit   .   c - +0 helmet
rElec    +         Reflect  .   (no cloak)
rCorr    .         Harm     .   (no gloves)
MR       .....                  (no boots)
Stlth    +.........             (no amulet)
HPRegen  0.09/turn              (no ring)
MPRegen  0.09/turn              (no ring)

@: no status effects
A: negative energy resistance 1, electricity resistance, unbreathing,
petrification resistance, rot immunity, AC +3
a: no special abilities


You were on level 2 of the Dungeon.
You were hungry.

You visited 1 branch of the dungeon, and saw 2 of its levels.

You collected 42 gold pieces.

Inventory:

Hand Weapons
 a - a +0 war axe (weapon)
Missiles
 d - 3 throwing nets (quivered)
Armour
 b - a +0 leather armour (worn)
 c - a +0 helmet (worn)
Jewellery
 e - a +3 amulet of reflection {unknown}
 g - an uncursed ring of ice {unknown}
Scrolls
 j - 4 scrolls of identify {unknown}
 k - 2 scrolls of remove curse {unknown}
 l - 2 scrolls of teleportation {unknown}
 n - a scroll of fog {unknown}
Potions
 h - a potion of resistance {unknown}
 i - a potion of flight {unknown}
 m - 2 potions of curing {unknown}
 o - 2 potions of might {unknown}
Comestibles
 f - 8 rations


   Skills:
 + Level 3.1 Fighting
 + Level 3.4 Axes
 - Level 2.0 Throwing
 + Level 1.8 Armour
 + Level 3.1 Dodging


You had 3 spell levels left.
You didn't know any spells.
Your spell library contained the following spells:

 Spells                   Type           Power        Failure   Level  Hunger
 Confusing Touch          Hex            #.....       43%         1    ##.....
 Confuse                  Hex            #.......     82%         3    ####...
 Gell's Gravitas          Tloc           #.........   82%         3    ####...
 Petrify                  Tmut/Erth      #.......     99%         4    #####..
 Metabolic Englaciation   Hex/Ice        #.........   100%        5    ######.
 Yara's Violent Unravell  Hex/Tmut       #.........   100%        5    ######.


Dungeon Overview and Level Annotations

Branches:
Dungeon (2/15)

Altars:

Annotations:
D:2 Natasha


Innate Abilities, Weirdness & Mutations

You are resistant to torment.
Your stone body is resilient. (AC +3)
You are immune to poison.
You resist negative energy. (rN+)
You are resistant to electric shocks. (rElec)
You can survive without breathing.
You are immune to petrification.
You are immune to rotting.


Message History

Natasha stares at you and mumbles some strange words.
The magic dart hits you.
You are too injured to fight recklessly!
You are too injured to fight recklessly!
You closely miss Natasha.
Natasha is severely wounded.
Natasha barely misses you. Natasha claws you.
* * * LOW HITPOINT WARNING * * *
You closely miss Natasha.
Natasha is severely wounded.
Natasha claws you.
* * * LOW HITPOINT WARNING * * *
Unknown command.
You hit Natasha.
Natasha is almost dead.
Natasha misses you. Natasha barely misses you.
You closely miss Natasha.
Natasha is almost dead.
Natasha claws you.
You die...

####(#.)#.#.....# #.##..#.....
..##............# #.##..###.#.
#.##............# #.##......#.
#.##............# #.##.#######
#...............# #.#.........
########..#.....# #.#..#..####
#..#.....######.#..#..#
#..######h......#..#..#
##.######@####.>#.....#
#.....##.# #..##.##.#
#>###.##.####..#.....#### #
########<#.##.#.....#..#......
##
#.....##.#....#.###...........
.# #.....##.######.#
#........... .# #........#
#.###........... .###.....####
#............... ...).#.####
######..........


You could see Natasha.

Vanquished Creatures
  Natasha (D:2)
  3 adders (D:2)
  2 oozes
  A worm (D:2)
  A dart slug (D:1)
  A leopard gecko (D:2)
  A giant cockroach (D:2)
  5 goblins (D:1)
  6 hobgoblins
  7 kobolds
  2 quokkas (D:2)
  2 ball pythons (D:1)
  3 bats
  3 frilled lizards (D:2)
  7 rats
45 creatures vanquished.

Vanquished Creatures (others)
  5 toadstools (D:1)
5 creatures vanquished.

Grand Total: 50 creatures vanquished

Notes
Turn   | Place    | Note
-------+----------+-------------------------------------------
     0 | D:1      | Borgoz the Gargoyle Gladiator began the quest for the Orb.
     0 | D:1      | Reached XP level 1. HP: 12/12 MP: 1/1
   101 | D:1      | Reached XP level 2. HP: 18/18 MP: 2/2
   321 | D:1      | Reached XP level 3. HP: 19/22 MP: 3/3
   664 | D:2      | Reached skill level 1 in Armour
  1021 | D:2      | Reached XP level 4. HP: 19/27 MP: 4/4
  1405 | D:2      | Noticed Natasha
  1409 | D:2      | Killed Natasha
  1466 | D:2      | Noticed Natasha
  1475 | D:2      | Slain by Natasha

Skill      XL: |  1  2  3  4 |
---------------+-------------+-----
Throwing       | 2 |  2.0
Axes           | 3 |  3.4
Armour         | 1 |  1.8
Fighting       | 3 |  3.1
Dodging        | 3 |  3.1

Action                   |  1- 3 |  4- 6 || total
-------------------------+-------+-------++-------
Melee: War axe           |    88 |    28 ||   116
  Eat: Chunk             |       |     1 ||     1
Armor: Leather armour    |    32 |     8 ||    40
Dodge: Dodged            |    59 |    15 ||    74
